EVO
OHIO STATE UNIVERSITY BUCKEYES @ UNIVERSITY OF CALIFORNIA GOLDEN BEARS
08/06/2047
 
TOP OF THE 1ST
Ohio State University Buckeyes batting - Pitching for University of California Golden Bears : RHP Steve Clothier
Pitching: RHP Steve Clothier
Batting: LHB Adam Simpson 0-0: Ball
1-0: Ground out 4-3 (Groundball, 4, EV 80.6 MPH)
Batting: RHB Mike Tarantino 0-0: Ball
1-0: Ball
2-0: Swinging Strike
2-1: Ground out 4-3 (Groundball, 4, EV 84.4 MPH)
Batting: LHB Tony Abascal 0-0: DOUBLE (Line Drive, 9LS, EV 96.2 MPH)
Batting: LHB Anthony Ross 0-0: Ball
1-0: Swinging Strike
1-1: Ball
2-1: Foul Ball, location: 2F
2-2: Strikes out looking
Top of the 1st over - 0 runs, 1 hit, 0 errors, 1 left on base; Ohio State University 0 - University of California 0
BOTTOM OF THE 1ST
University of California Golden Bears batting - Pitching for Ohio State University Buckeyes : LHP Adrien Leroy
Pitching: LHP Adrien Leroy
Batting: RHB Mike Trueblood 0-0: Ball
1-0: Ball
2-0: Ball
3-0: Base on Balls
Batting: RHB Ken Hahn 0-0: Ball
1-0: Ball
2-0: Called Strike
2-1: Fly out, F8 (Flyball, 89M, EV 89.4 MPH)
Batting: RHB Nate Mahon 0-0: Called Strike
0-1: Foul Ball, location: 2F
0-2: Fly out, F8 (Flyball, 8LD, EV 98.8 MPH)
Batting: RHB Steve Kirby 0-0: Called Strike
0-1: Swinging Strike
0-2: Strikes out swinging
Bottom of the 1st over - 0 runs, 0 hits, 0 errors, 1 left on base; Ohio State University 0 - University of California 0
TOP OF THE 2ND
Ohio State University Buckeyes batting - Pitching for University of California Golden Bears : RHP Steve Clothier
Batting: LHB Zach Brandt 0-0: Ball
1-0: Called Strike
1-1: Foul Ball, location: 2F
1-2: Ball
2-2: Ground out 4-3 (Groundball, 4M, EV 88.8 MPH)
Batting: RHB Masatoshi Mori 0-0: Ball
1-0: Swinging Strike
1-1: Foul Ball, location: 2F
1-2: Ball
2-2: Fly out, F9 (Flyball, 9, EV 92.5 MPH)
Batting: RHB Bo Wu 0-0: Ball
1-0: Ball
2-0: Called Strike
2-1: Ball
3-1: Ground out U3 (Groundball, 3, EV 101.9 MPH)
Top of the 2nd over - 0 runs, 0 hits, 0 errors, 0 left on base; Ohio State University 0 - University of California 0
BOTTOM OF THE 2ND
University of California Golden Bears batting - Pitching for Ohio State University Buckeyes : LHP Adrien Leroy
Batting: RHB Ivan Rivera 0-0: Fly out, F8 (Line Drive, 78M, EV 108.8 MPH)
Batting: RHB Shawn Jansen 0-0: Ball
1-0: Ball
2-0: Called Strike
2-1: Swinging Strike
2-2: Ball
3-2: Foul Ball, location: 2F
3-2: Fly out, F8 (Flyball, 8LD, EV 90.0 MPH)
Batting: LHB Carlos Gaona 0-0: Ball
1-0: Foul Ball, location: 2F
1-1: Called Strike
1-2: Foul Ball, location: 2F
1-2: Ball
2-2: Ball
3-2: Strikes out looking
Bottom of the 2nd over - 0 runs, 0 hits, 0 errors, 0 left on base; Ohio State University 0 - University of California 0
TOP OF THE 3RD
Ohio State University Buckeyes batting - Pitching for University of California Golden Bears : RHP Steve Clothier
Batting: RHB David Guillen 0-0: Reached on error, E4 (Groundball, 4M, EV 93.1 MPH)
Batting: RHB Josh Dinsmore 0-0: Called Strike
0-1: Foul Ball, location: 2F
0-2: Strikes out swinging
Batting: LHB Adam Simpson 0-0: Ball
1-0: Ball
2-0: Foul Ball, location: 2F
2-1: Foul Ball, location: 2F
2-2: Foul Ball, location: 2F
2-2: Foul Ball, location: 2F
2-2: Foul Ball, location: 2F
2-2: Ball
3-2: Foul Ball, location: 2F
3-2: Base on Balls
David Guillen to second
Batting: RHB Mike Tarantino 0-0: Ball
1-0: Bunted foul
1-1: Ball
2-1: Called Strike
2-2: Fly out, F7 (Flyball, 78D, EV 102.5 MPH)
Batting: LHB Tony Abascal 0-0: Called Strike
0-1: Foul Ball, location: 2F
0-2: Ball
1-2: Strikes out swinging
Top of the 3rd over - 0 runs, 0 hits, 1 error, 2 left on base; Ohio State University 0 - University of California 0
BOTTOM OF THE 3RD
University of California Golden Bears batting - Pitching for Ohio State University Buckeyes : LHP Adrien Leroy
Batting: SHB Nick Jansen 0-0: Called Strike
0-1: Ball
1-1: Swinging Strike
1-2: Ball
2-2: Ball
3-2: Base on Balls
Batting: LHB Pavla Markianov 0-0: Foul Ball, location: 2F
0-1: Swinging Strike
0-2: Ball
1-2: DOUBLE (Line Drive, 5D, EV 93.8 MPH)
Nick Jansen to third
Runner from 3rd tries for Home, SAFE, throw by LF to trailing runner, SAFE at third!
Batting: RHB Mike Trueblood 0-0: Called Strike
0-1: Foul Ball, location: 2F
0-2: Strikes out swinging
Batting: RHB Ken Hahn 0-0: Ball
1-0: Fly out, F8 (Flyball, 8LM, EV 93.8 MPH)
Runner from 3rd tags up, SCORES, throw by CF
Batting: RHB Nate Mahon 0-0: Ball
1-0: Called Strike
1-1: Called Strike
1-2: SINGLE (Groundball, 6MD, EV 104.4 MPH)
Batting: RHB Steve Kirby 0-0: Fly out, F8 (Flyball, 8LXD, EV 86.9 MPH)
Bottom of the 3rd over - 2 runs, 2 hits, 0 errors, 1 left on base; Ohio State University 0 - University of California 2
TOP OF THE 4TH
Ohio State University Buckeyes batting - Pitching for University of California Golden Bears : RHP Steve Clothier
Batting: LHB Anthony Ross 0-0: Called Strike
0-1: Fly out, F9 (Flyball, 9LS, EV 81.2 MPH)
Batting: LHB Zach Brandt 0-0: Swinging Strike
0-1: Ball
1-1: Foul Ball, location: 2F
1-2: Strikes out swinging
Batting: RHB Masatoshi Mori 0-0: Ground out 5-3 (Groundball, 56, EV 102.5 MPH)
Top of the 4th over - 0 runs, 0 hits, 0 errors, 0 left on base; Ohio State University 0 - University of California 2
BOTTOM OF THE 4TH
University of California Golden Bears batting - Pitching for Ohio State University Buckeyes : LHP Adrien Leroy
Batting: RHB Ivan Rivera 0-0: Foul Ball, location: 2F
0-1: Ball
1-1: Ball
2-1: Swinging Strike
2-2: Strikes out swinging
Batting: RHB Shawn Jansen 0-0: Foul Ball, location: 2F
0-1: Ball
1-1: Foul Ball, location: 2F
1-2: Ball
2-2: Ball
3-2: SINGLE (Groundball, 56D, EV 96.9 MPH)
Batting: LHB Carlos Gaona 0-0: Ball
1-0: TRIPLE (Flyball, 7LD, EV 90.6 MPH)
Shawn Jansen scores
Batting: SHB Nick Jansen 0-0: Ball
1-0: Fly out, F6 (Popup, 4MS, EV 71.9 MPH)
Batting: LHB Pavla Markianov 0-0: Ball
1-0: SINGLE (Groundball, 34D, EV 96.2 MPH)
Carlos Gaona scores
Batting: RHB Mike Trueblood 0-0: Fly out, F7 (Flyball, 78D, EV 91.9 MPH)
Bottom of the 4th over - 2 runs, 3 hits, 0 errors, 1 left on base; Ohio State University 0 - University of California 4
TOP OF THE 5TH
Ohio State University Buckeyes batting - Pitching for University of California Golden Bears : RHP Steve Clothier
Batting: RHB Bo Wu 0-0: Called Strike
0-1: Ball
1-1: Foul Ball, location: 2F
1-2: Strikes out swinging
Batting: RHB David Guillen 0-0: Called Strike
0-1: Ball
1-1: Ball
2-1: Reached via error on a dropped throw from 1B, E1 (Groundball, 34, EV 98.8 MPH)
Batting: RHB Josh Dinsmore 0-0: Ground out 4-3 (Groundball, 34, EV 110.0 MPH)
David Guillen to second
Batting: LHB Adam Simpson 0-0: Called Strike
0-1: Ball
1-1: Foul Ball, location: 2F
1-2: SINGLE (Groundball, 34D, EV 102.5 MPH)
David Guillen to third
Batting: RHB Mike Tarantino 0-0: Foul Ball, location: 2F
0-1: Foul Ball, location: 2F
0-2: Ball
1-2: Ball
2-2: Fly out, F8 (Flyball, 8LD, EV 85.0 MPH)
Top of the 5th over - 0 runs, 1 hit, 1 error, 2 left on base; Ohio State University 0 - University of California 4
BOTTOM OF THE 5TH
University of California Golden Bears batting - Pitching for Ohio State University Buckeyes : LHP Adrien Leroy
Now at 2B: Marcelo Bardelli
Batting: RHB Ken Hahn 0-0: Ball
1-0: Foul Ball, location: 2F
1-1: Ground out 5-3 (Groundball, 56S, EV 85.0 MPH)
Batting: RHB Nate Mahon 0-0: Ball
1-0: Ball
2-0: Foul Ball, location: 2F
2-1: Foul Ball, location: 2F
2-2: Ball
3-2: Base on Balls
Batting: RHB Steve Kirby 0-0: Ball
1-0: Ball
2-0: Called Strike
2-1: Swinging Strike
2-2: Ball
3-2: Base on Balls
Nate Mahon to second
Pitching: RHP Rodolfo Lrio
Batting: RHB Ivan Rivera 0-0: Swinging Strike
0-1: Swinging Strike
0-2: Strikes out swinging
Batting: RHB Shawn Jansen 0-0: Ball
1-0: Foul Ball, location: 2F
1-1: Foul Ball, location: 2F
1-2: Fly out, F8 (Flyball, 8LD, EV 88.8 MPH)
Bottom of the 5th over - 0 runs, 0 hits, 0 errors, 2 left on base; Ohio State University 0 - University of California 4
TOP OF THE 6TH
Ohio State University Buckeyes batting - Pitching for University of California Golden Bears : RHP Steve Clothier
Pitching: LHP Kimmo-Mikka Koistinen
Batting: RHB Jacob Carrano 0-0: Swinging Strike
0-1: Ball
1-1: Ball
2-1: Foul Ball, location: 2F
2-2: SINGLE (Line Drive, 7LS, EV 97.5 MPH)
Batting: LHB Anthony Ross 0-0: Called Strike
0-1: Ball
1-1: Fly out, F6 (Popup, 6M, EV 72.5 MPH)
Batting: LHB Zach Brandt 0-0: Called Strike
0-1: Foul Ball, location: 2F
0-2: Foul Ball, location: 2F
0-2: Ball
1-2: Strikes out swinging
Pinch Hitting: RHB Tristan Gimple 0-0: Called Strike
0-1: Fielders Choice at 2nd, 6-4 (Groundball, 6, EV 84.4 MPH)
Top of the 6th over - 0 runs, 1 hit, 0 errors, 1 left on base; Ohio State University 0 - University of California 4
BOTTOM OF THE 6TH
University of California Golden Bears batting - Pitching for Ohio State University Buckeyes : RHP Rodolfo Lrio
Now at C: Bill Daniel
Now at 1B: Tristan Gimple
Batting: LHB Carlos Gaona 0-0: Foul Ball, location: 2F
0-1: Called Strike
0-2: Ball
1-2: Foul Ball, location: 2F
1-2: Foul Ball, location: 2F
1-2: SINGLE (Line Drive, 6D, EV 107.5 MPH)
Batting: SHB Nick Jansen 0-0: Ball
1-0: Called Strike
1-1: Grounds into double play, 5-4-3 (Groundball, 56, EV 105.0 MPH)
Batting: LHB Pavla Markianov 0-0: Called Strike
0-1: Swinging Strike
0-2: Ball
1-2: Ball
2-2: Strikes out looking
Bottom of the 6th over - 0 runs, 1 hit, 0 errors, 0 left on base; Ohio State University 0 - University of California 4
TOP OF THE 7TH
Ohio State University Buckeyes batting - Pitching for University of California Golden Bears : LHP Kimmo-Mikka Koistinen
Pitching: LHP Adam Gavel
Batting: RHB Bo Wu 0-0: Ball
1-0: Ball
2-0: Ball
3-0: Called Strike
3-1: Base on Balls
Batting: RHB Marcelo Bardelli 0-0: Called Strike
0-1: 2-RUN HOME RUN (Flyball, 7LD, EV 98.1 MPH), Distance : 375 ft
Batting: RHB Bill Daniel 0-0: Ground out 4-3 (Groundball, 4, EV 83.8 MPH)
Batting: LHB Adam Simpson 0-0: Called Strike
0-1: Ball
1-1: Called Strike
1-2: Ball
2-2: Fly out, F7 (Flyball, 78M, EV 91.9 MPH)
Batting: RHB Mike Tarantino 0-0: Swinging Strike
0-1: Ball
1-1: Ball
2-1: Foul Ball, location: 2F
2-2: Strikes out swinging
Top of the 7th over - 2 runs, 1 hit, 0 errors, 0 left on base; Ohio State University 2 - University of California 4
BOTTOM OF THE 7TH
University of California Golden Bears batting - Pitching for Ohio State University Buckeyes : RHP Rodolfo Lrio
Pitching: RHP Kyle Collins
Batting: RHB Mike Trueblood 0-0: Ball
1-0: Foul Ball, location: 2F
1-1: Ball
2-1: SINGLE (Groundball, 5S, EV 63.8 MPH) (infield hit)
Batting: RHB Ken Hahn 0-0: Ball
1-0: Foul Ball, location: 2F
1-1: Ball
2-1: Called Strike
2-2: Fielders Choice at 2nd, 5-4 (Groundball, 5S, EV 91.2 MPH)
Batting: RHB Nate Mahon 0-0: Ball
1-0: Ball
2-0: Ball
3-0: Called Strike
3-1: Foul Ball, location: 2F
3-2: Base on Balls
Ken Hahn to second
Batting: RHB Steve Kirby 0-0: Ball
1-0: DOUBLE (Flyball, 8RXD, EV 96.9 MPH)
Ken Hahn scores
Nate Mahon to third
Batting: RHB Ivan Rivera 0-0: Ball
1-0: Fly out, F8 (Flyball, 8RXD, EV 88.1 MPH)
Runner from 3rd tags up, SCORES, no throw by CF
Steve Kirby to third
Batting: RHB Shawn Jansen 0-0: DOUBLE (Flyball, 89D, EV 96.2 MPH)
Steve Kirby scores
Pitching: RHP Harry Jerome
Batting: LHB Carlos Gaona 0-0: Ball
1-0: Called Strike
1-1: Ball
2-1: Called Strike
2-2: Ball
3-2: Foul Ball, location: 2F
3-2: Base on Balls
Batting: SHB Nick Jansen 0-0: Ball
1-0: Ground out 1-3 (Groundball, 34S, EV 66.9 MPH)
Bottom of the 7th over - 3 runs, 3 hits, 0 errors, 2 left on base; Ohio State University 2 - University of California 7
TOP OF THE 8TH
Ohio State University Buckeyes batting - Pitching for University of California Golden Bears : LHP Adam Gavel
Pitching: LHP Chad Torres
Batting: RHB Jacob Carrano 0-0: Foul Ball, location: 2F
0-1: Ball
1-1: Foul Ball, location: 2F
1-2: Ball
2-2: Fly out, F8 (Flyball, 8RM, EV 83.1 MPH)
Batting: LHB Anthony Ross 0-0: Foul Ball, location: 2F
0-1: SOLO HOME RUN (Flyball, 9D, EV 97.5 MPH), Distance : 371 ft
Batting: LHB Zach Brandt 0-0: Ball
1-0: Ball
2-0: Ball
3-0: Base on Balls
Batting: RHB Tristan Gimple 0-0: Ball
1-0: Ball
2-0: Called Strike
2-1: Swinging Strike
2-2: Strikes out swinging
Batting: RHB Bo Wu 0-0: Called Strike
0-1: Fielders Choice at 2nd, 6-4 (Groundball, 6, EV 91.9 MPH)
Top of the 8th over - 1 run, 1 hit, 0 errors, 1 left on base; Ohio State University 3 - University of California 7
BOTTOM OF THE 8TH
University of California Golden Bears batting - Pitching for Ohio State University Buckeyes : RHP Harry Jerome
Batting: LHB Pavla Markianov 0-0: Called Strike
0-1: Fly out, F9 (Flyball, 89S, EV 88.1 MPH)
Batting: RHB Mike Trueblood 0-0: Ground out 5-3 (Groundball, 56S, EV 80.0 MPH)
Batting: RHB Ken Hahn 0-0: Foul Ball, location: 2F
0-1: Foul Ball, location: 2F
0-2: Ball
1-2: Fly out, F9 (Flyball, 9D, EV 78.1 MPH)
Bottom of the 8th over - 0 runs, 0 hits, 0 errors, 0 left on base; Ohio State University 3 - University of California 7
TOP OF THE 9TH
Ohio State University Buckeyes batting - Pitching for University of California Golden Bears : LHP Chad Torres
Pitching: RHP Travis Morris
Batting: RHB Marcelo Bardelli 0-0: Foul Ball, location: 2F
0-1: Ball
1-1: Ground out 5-3 (Groundball, 56, EV 80.6 MPH)
Batting: RHB Bill Daniel 0-0: Swinging Strike
0-1: Foul Ball, location: 2F
0-2: Ball
1-2: Foul Ball, location: 2F
1-2: Ball
2-2: Ball
3-2: Base on Balls
Batting: LHB Adam Simpson 0-0: Foul Ball, location: 2F
0-1: Fly out, F4 (Line Drive, 4, EV 73.1 MPH)
Batting: RHB Mike Tarantino 0-0: Ball
1-0: Ball
2-0: Called Strike
2-1: Ball
3-1: Base on Balls
Bill Daniel to second
Batting: LHB Ben Callaway 0-0: Swinging Strike
0-1: Ball
1-1: Swinging Strike
1-2: Strikes out swinging
Top of the 9th over - 0 runs, 0 hits, 0 errors, 2 left on base; Ohio State University 3 - University of California 7
Thursday, December 15th , 2022 - OOTP Baseball 23.9 Build 102